 Dungeon Crawl Stone Soup version 0.20.1-1-g8b1a95d (webtiles) character file.

247 vatarom the Vandal (level 5, -3/37 HPs)
             Began as a Demonspawn Fire Elementalist on Oct 1, 2017.
             Killed from afar by Natasha (10 damage)
             ... with a magic dart
             ... on level 2 of the Dungeon.
             The game lasted 00:05:38 (2043 turns).

vatarom the Vandal (Demonspawn Fire Elementalist)   Turns: 2043, Time: 00:05:40

Health: -3/37      AC:  5    Str:  8    XL:     5   Next: 85%
Magic:  5/8        EV: 12    Int: 17    God:
Gold:   123        SH:  3    Dex: 14    Spells: 2/8 levels left

rFire    . . .     SeeInvis .   a - +0 hand axe
rCold    . . .     Gourm    .   (no shield)
rNeg     . . .     Faith    .   h - +0 robe
rPois    .         Spirit   .   j - +1 hat
rElec    .         Reflect  +   (no cloak)
rCorr    .         Harm     .   (no gloves)
MR       .....                  (no boots)
Stlth    ++........             q - +3 amulet of reflection
Regen    0.0/turn               (no ring)
MPRegen  0.2/turn               (no ring)

@: very slightly contaminated
A: talons 1, molten scales 1, mutation resistance 1, powered by death 1,
inhibited regeneration
a: no special abilities


You were on level 2 of the Dungeon.
You were hungry.

You visited 1 branch of the dungeon, and saw 2 of its levels.

You collected 123 gold pieces.

Inventory:

Hand Weapons
 a - a +0 hand axe (weapon)
 b - a +2 hunting sling of velocity
Missiles
 n - 16 stones (quivered)
Armour
 h - a +0 robe (worn)
 j - a +1 hat (worn)
Jewellery
 q - a +3 amulet of reflection (around neck)
Scrolls
 d - 2 scrolls of identify
 f - a scroll of enchant weapon
 l - a scroll of magic mapping
 p - a scroll of remove curse
 r - a scroll of fog {unknown}
 t - a scroll of teleportation
Potions
 e - a potion of heal wounds {unknown}
 g - a potion of lignification {unknown}
 i - 2 potions of curing {unknown}
 o - a potion of invisibility {unknown}
Books
 m - a book of Flames

   Spells                             Type                      Level
   a - Flame Tongue                   Conjuration/Fire             1
   b - Throw Flame                    Conjuration/Fire             2
   c - Conjure Flame                  Conjuration/Fire             3
   d - Inner Flame                    Hexes/Fire                   3
   e - Sticky Flame                   Conjuration/Fire             4
   f - Fireball                       Conjuration/Fire             5
Comestibles
 c - 4 bread rations
 k - 5 fruits


   Skills:
 + Level 1.5 Fighting
 - Level 0.5 Axes
 - Level 3.6 Slings
 - Level 2.2 Dodging
 - Level 2.5 Stealth
 + Level 2.2 Spellcasting
 + Level 1.3 Conjurations
 * Level 3.1 Fire Magic


You had 2 spell levels left.
You knew the following spells:

 Your Spells              Type           Power        Failure   Level  Hunger
a - Flame Tongue          Conj/Fire      #....        8%          1    #......
b - Throw Flame           Conj/Fire      #.....       12%         2    ###....
c - Conjure Flame         Conj/Fire      #.......     22%         3    ###....


Dungeon Overview and Level Annotations

Branches:
Dungeon (2/15)

Altars:
Cheibriados

Annotations:
D:2 Natasha


Innate Abilities, Weirdness & Mutations

You have sharp toenails.
You are partially covered in molten scales. (AC +2)
You regenerate a little health from kills.
You are somewhat resistant to further mutation.
You do not regenerate when monsters are visible.


Message History

Casting: Flame Tongue
Confirm with . or Enter, or press ? or * to list all spells.
Aiming: Flame Tongue
Press: ? - help, Shift-Dir - straight line, f/p - Natasha
Aim: Natasha (moderately wounded)
The flame tongue hits Natasha.
Natasha is moderately wounded.
Natasha barely misses you.
Casting: Flame Tongue
Confirm with . or Enter, or press ? or * to list all spells.
Aiming: Flame Tongue
Press: ? - help, Shift-Dir - straight line, f/p - Natasha
Aim: Natasha (moderately wounded)
You miscast Flame Tongue.
You are very lightly contaminated with residual magic.
Nothing appears to happen.
The iron imp hits you but does no damage.
Natasha stares at you and mumbles some strange words.
The magic dart hits you!
You die...

########
.......###########
).....>'.........#
.......#########.#
.......# #.#
.#'##### #.# .#.#
#5# .#.# #@# .#.#
#h# .#.# #.# ##.#
#.# ##)# #(# ...#
#.# ...# #.# ...#
#(# )..#


You could see an iron imp and Natasha.

Vanquished Creatures
  Sigmund (D:2)
  Jessica (D:2)
  A worm (D:2)
  6 dart slugs
  2 leopard geckos (D:2)
  2 ball pythons
  6 bats
  2 giant cockroaches
  8 goblins
  5 hobgoblins
  A quokka (D:2)
  A frilled lizard (D:2)
  2 kobolds
  8 rats
46 creatures vanquished.

Notes
Turn   | Place    | Note
-------+----------+-------------------------------------------
     0 | D:1      | vatarom the Demonspawn Fire Elementalist began the quest for the Orb.
     0 | D:1      | Reached XP level 1. HP: 13/13 MP: 3/3
   309 | D:1      | Gained mutation: You are partially covered in molten scales. (AC +2) [demonic ancestry]
   309 | D:1      | Reached XP level 2. HP: 19/19 MP: 1/5
   436 | D:1      | Learned a level 2 spell: Throw Flame
   831 | D:1      | Gained mutation: You do not regenerate when monsters are visible. [potion of mutation]
   831 | D:1      | Gained mutation: You are somewhat resistant to further mutation. [potion of mutation]
  1011 | D:2      | Gained mutation: You have sharp toenails. [demonic ancestry]
  1011 | D:2      | Reached XP level 3. HP: 24/24 MP: 6/6
  1016 | D:2      | Learned a level 3 spell: Conjure Flame
  1065 | D:2      | Found a snail-covered altar of Cheibriados.
  1147 | D:2      | Noticed Sigmund
  1639 | D:2      | Reached skill level 1 in Slings
  1654 | D:2      | Reached skill level 1 in Fighting
  1736 | D:2      | Noticed Jessica
  1745 | D:2      | Killed Jessica
  1745 | D:2      | Reached XP level 4. HP: 31/32 MP: 2/7
  1786 | D:2      | Killed Sigmund
  1786 | D:2      | Gained mutation: You regenerate a little health from kills. [demonic ancestry]
  1786 | D:2      | Reached XP level 5. HP: 32/37 MP: 0/8
  2031 | D:2      | Noticed Natasha
  2043 | D:2      | Killed from afar by Natasha

Skill      XL: |  1  2  3  4 |
---------------+-------------+-----
Dodging        | 2 |  2.2
Fire Magic     | 3 |  3.1
Stealth        | 2 |  2.5
Slings         | 1 3 |  3.6
Fighting       | 1 |  1.5
Axes           | |  0.5
Spellcasting   | |  2.2
Conjurations   | |  1.3

Action                   |  1- 3 |  4- 6 || total
-------------------------+-------+-------++-------
Melee: Hand axe          |    19 |       ||    19
 Fire: Hunting sling     |    60 |    16 ||    76
 Cast: Flame Tongue      |    14 |     8 ||    22
  Use: Scroll            |     6 |       ||     6
       Potion            |     2 |       ||     2
  Eat: Chunk             |     2 |     1 ||     3
Armor: Robe              |    11 |     1 ||    12
Dodge: Dodged            |    26 |     4 ||    30
